 Dungeon Crawl Stone Soup version 0.17-a0-1941-gcc30b76 (webtiles) character file.

168 Rationalist the Skirmisher (level 5, -1/42 HPs)
             Began as a Demonspawn Berserker on Sept 30, 2015.
             Was a Believer of Trog.
             Slain by Ordine's ghost (5 damage)
             ... on level 5 of the Dungeon.
             The game lasted 00:04:07 (2603 turns).

Rationalist the Skirmisher (Demonspawn Berserker)   Turns: 2603, Time: 00:04:07

Health: -1/42      AC:  4    Str: 22    XL:     5   Next: 24%
Magic:  0/5        EV: 19    Int: 12    God:    Trog [**....]
Gold:   124        SH:  0    Dex: 18    Spells: 0 memorised, 4 levels left

rFire  . . .     SeeInvis .     a - +0 hand axe
rCold  . . .     Clarity  .     b - +0 animal skin
rNeg   + . .     SustAt   .     (no shield)
rPois  .         Gourm    .     (no helmet)
rElec  .         Spirit   +     (no cloak)
rCorr  .         Warding  +     (no gloves)
rMut   .         Stasis   .     (no boots)
MR     .....                    q - amulet of warding
Stlth  +++.......               (no ring)
                                u - +3 ring of intelligence

@: mighty, agile, lethally poisoned (-1 -> -5), flying, very slightly
contaminated, hasted (expiring), very quick, not resistant to hostile
enchantments, fairly stealthy
A: claws 1, yellow scales 1, powered by pain 1, magic shield
a: Burn Spellbooks, Berserk, Trog's Hand, Renounce Religion


You were on level 5 of the Dungeon.
You worshipped Trog.
Trog was pleased with you.
You were near starving.

You visited 1 branch of the dungeon, and saw 4 of its levels.

You collected 124 gold pieces.

Inventory:

Hand weapons
 a - a +0 hand axe (weapon)
Armour
 b - a +0 animal skin (worn)
Jewellery
 q - an amulet of warding (around neck)
 u - a +3 ring of intelligence (left claw)
 w - an uncursed amulet of stasis {unknown}
Scrolls
 e - 4 scrolls of identify {unknown}
 f - a scroll of immolation {unknown}
 l - 3 scrolls of remove curse {unknown}
 m - 2 scrolls of enchant weapon {unknown}
 n - a scroll of recharging {unknown}
 o - a scroll of noise {unknown}
 r - 2 scrolls of amnesia {unknown}
 y - a scroll of magic mapping {unknown}
Potions
 g - a potion of haste
 i - a potion of brilliance
 s - a potion of magic
 t - a potion of poison
Comestibles
 c - 2 bread rations
 p - a meat ration


   Skills:
 + Level 4.0 Fighting
 + Level 3.5 Axes
 + Level 2.0 Armour
 + Level 3.4 Dodging
 + Level 0.4 Stealth


You had 4 spell levels left.
You didn't know any spells.

Dungeon Overview and Level Annotations

Branches:
Dungeon (5/15)
 Temple: D:4-7

Altars:
Ashenzari
Cheibriados
Elyvilon

Annotations:
D:5 Ordine's ghost, experienced GrFE


Innate Abilities, Weirdness & Mutations

You have sharp fingernails.
You are partially covered in yellow scales (AC +2).
You sometimes gain a little power by taking damage.
When hurt, damage is shared between your health and your magic reserves.


Message History

You miss Ordine's ghost.
Ordine's ghost is lightly damaged.
You feel less invigorated.
You feel less confused.
You feel sick. Ordine's ghost hits you.
* * * LOW HITPOINT WARNING * * *
You miss Ordine's ghost.
Ordine's ghost is lightly damaged.
You barely miss Ordine's ghost.
Ordine's ghost is lightly damaged.
You feel sick. Ordine's ghost hits you!
* * * LOW HITPOINT WARNING * * *
You hit Ordine's ghost.
Ordine's ghost is lightly damaged.
Ordine's ghost barely misses you.
You barely miss Ordine's ghost.
Ordine's ghost is lightly damaged.
Your extra speed is starting to run out.
Ordine's ghost hits you!
You die...

....#......#.....#
#.....##....#
#......#....#
#..##....####
#...#....#
#....### #####
#....# ##...##
####W# ##.....##
#@## #.......#
#..# #.......#
##.###.......#
#..###.....##
#######.........##
.................#
#########........#
#.........#
#.#......##


You could see Ordine's ghost.

Vanquished Creatures
  An ice beast (D:5)
  3 adders (D:2)
  An ooze (D:3)
  An adder skeleton (D:5)
  A worm (D:2)
  2 giant geckos
  An orc (D:5)
  A ball python (D:2)
  10 goblins
  4 hobgoblins
  4 bats
  3 giant cockroaches
  A giant newt (D:2)
  4 kobolds (D:1)
  6 rats
43 creatures vanquished.

Notes
Turn   | Place    | Note
--------------------------------------------------------------
     0 | D:1      | Rationalist the Demonspawn Berserker began the quest for the Orb.
     0 | D:1      | Reached XP level 1. HP: 18/18 MP: 1/1
    46 | D:1      | Gained mutation: You are partially covered in yellow scales (AC +2). [demonic ancestry]
    46 | D:1      | Reached XP level 2. HP: 8/24 MP: 2/2
   381 | D:1      | Acquired Trog's second power
   604 | D:2      | Found a snail-covered altar of Cheibriados.
   682 | D:2      | Gained mutation: You sometimes gain a little power by taking damage. [demonic ancestry]
   682 | D:2      | Reached XP level 3. HP: 3/29 MP: 3/3
  2055 | D:2      | Gained mutation: When hurt, damage is shared between your health and your magic reserves. [demonic ancestry]
  2055 | D:2      | Reached XP level 4. HP: 35/37 MP: 4/4
  2099 | D:3      | Found a white marble altar of Elyvilon.
  2238 | D:3      | Found a shattered altar of Ashenzari.
  2406 | D:3      | You fall through a shaft for 2 floors!
  2406 | D:5      | Entered Level 5 of the Dungeon
  2406 | D:5      | Noticed an ice beast
  2417 | D:5      | Killed an ice beast
  2417 | D:5      | Reached skill level 4 in Fighting
  2417 | D:5      | Gained mutation: You have sharp fingernails. [demonic ancestry]
  2417 | D:5      | Reached XP level 5. HP: 33/42 MP: 0/5
  2560 | D:5      | Noticed Ordine's ghost (experienced GrFE)
  2562 | D:5      | Noticed an ogre
  2595 | D:5      | HP: 2/42 [Ordine's ghost/flame tongue (17)]
  2603 | D:5      | Slain by Ordine's ghost

Vault maps used:
D:1:      dpeg_arrival_shelter
D:2:      cheibriados_altar_1
D:3:      cheibrodos_ashenzari_chains, lemuel_crystal_altar,
          lightli_temple_of_fire, serial_co_window_serial, co_window_paths_a,
          co_window_corner_a, co_window_paths_b, co_window_corner_a,
          co_window_corner_a, co_window_corner_b, co_window_corner_b,
          co_window_unsneaky_path_a, co_window_broadway_a, co_window_paths_e,
          co_window_sun, glass_columns_a, glass_columns_a, glass_columns_a,
          glass_columns_a, glass_columns_b, first_bread,
          makhleb_altar_promises_db
D:5:      portal_sewer_entry_c, serial_shops, shop, hangedman_decor_points,
          corexii_leaking_fountain, uniq_sigmund

Action                   |  1- 3 |  4- 6 || total
-------------------------+-------+-------++-------
Melee: Hand axe          |   141 |    60 ||   201
Invok: Berserk           |     1 |     1 ||     2
  Use: Potion            |     2 |     9 ||    11
  Eat: Chunk             |     4 |     2 ||     6
